 Dungeon Crawl Stone Soup version 0.23.1 (webtiles) character file.

Game seed: 3637394818158639694

152 Yunesin the Chopper (level 5, 0/70 HPs)
             Began as a Minotaur Berserker on Mar 14, 2019.
             Was a Believer of Trog.
             Slain by a gnoll
             ... wielding a +0 spear
              (11 damage)
             ... on level 3 of the Dungeon.
             The game lasted 00:05:32 (1591 turns).

Yunesin the Chopper (Minotaur Berserker)            Turns: 1591, Time: 00:05:32

Health: 0/70       AC:  3    Str: 27    XL:     5   Next: 11%
Magic:  4/4        EV: 16    Int:  4    God:    Trog [**....]
Gold:   89         SH:  0    Dex: 10    Spells: 4/4 levels left

rFire    . . .     SeeInvis .   a - +0 hand axe
rCold    . . .     Gourm    .   (no shield)
rNeg     . . .     Faith    .   b - +0 animal skin
rPois    .         Spirit   .   (helmet restricted)
rElec    .         Reflect  .   (no cloak)
rCorr    .         Harm     .   h - +0 pair of gloves
MR       .....                  (no boots)
Stlth    ..........             (no amulet)
HPRegen  0.21/turn              j - +3 ring of evasion
MPRegen  0.09/turn              (no ring)

@: berserking, very quick
A: retaliatory headbutt, horns 2
a: Berserk, Trog's Hand, Renounce Religion


You were on level 3 of the Dungeon.
You worshipped Trog.
Trog was pleased with you.
You were very hungry.

You visited 1 branch of the dungeon, and saw 3 of its levels.

You collected 89 gold pieces.

Inventory:

Hand Weapons
 a - a +0 hand axe (weapon)
Armour
 b - a +0 animal skin (worn)
 h - a +0 pair of gloves (worn)
Jewellery
 j - a +3 ring of evasion (left hand)
Scrolls
 d - a scroll of enchant weapon {unknown}
 i - a scroll of magic mapping {unknown}
 k - a scroll of identify {unknown}
Potions
 e - a potion of brilliance {unknown}
 g - a potion of might {unknown}
 l - a potion of heal wounds {unknown}
Comestibles
 c - 4 rations
 f - 5 chunks of flesh


   Skills:
 + Level 4.6 Fighting
 * Level 5.3 Axes
 + Level 3.4 Armour
 + Level 3.1 Dodging


You had 4 spell levels left.
You didn't know any spells.
Your spell library was empty.

Dungeon Overview and Level Annotations

Branches:
Dungeon (3/15)

Altars:


Innate Abilities, Weirdness & Mutations

You reflexively headbutt those who attack you in melee.
You have a pair of horns on your head.


Message History

You are too injured to fight recklessly!
Unknown command.
You are too injured to fight recklessly!
You feel a strong urge to attack something.
You hit the gnoll.
You kill the gnoll!
Trog accepts your kill.
You have reached level 5!
The gnoll barely misses you.
You barely miss the gnoll. You hit the gnoll. The gnoll closely misses you.
The gnoll hits you with a +0 flail!
* * * LOW HITPOINT WARNING * * *
The gnoll hits you from afar with a +0 spear!
* * * LOW HITPOINT WARNING * * *
You slash the gnoll!
You kill the gnoll!
Trog accepts your kill.
You barely miss the gnoll. The gnoll hits you with a +0 spear!
You die...

########## #........# #
#........# ..
#........# ...
#........#....
#...<.........
#.....gg.#....
#.....@.......
#####.#.##....#
######.#.### ..##
##..........###..###
#..####.#..........#
#####..####.#..........
#........##.#..........
#.................#.#
#.........#...<.....#


You could see 2 gnolls.

Vanquished Creatures
  5 gnolls
  4 adders (D:2)
  An ooze (D:1)
  4 worms (D:2)
  2 dart slugs
  A leopard gecko (D:1)
  A ball python (D:1)
  5 giant cockroaches
  5 goblins
  6 hobgoblins
  6 bats
  5 frilled lizards
  5 kobolds
  3 rats (D:1)
53 creatures vanquished.

Notes
Turn   | Place    | Note
-------+----------+-------------------------------------------
     0 | D:1      | Yunesin the Minotaur Berserker began the quest for the Orb.
     0 | D:1      | Reached XP level 1. HP: 19/19 MP: 0/0
   115 | D:1      | Reached skill level 4 in Axes
   115 | D:1      | Reached XP level 2. HP: 15/27 MP: 1/1
   510 | D:1      | Reached XP level 3. HP: 33/33 MP: 2/2
   722 | D:2      | Reached ** piety under Trog
   960 | D:2      | Reached XP level 4. HP: 31/40 MP: 3/3
  1211 | D:2      | Reached skill level 5 in Axes
  1588 | D:3      | Reached XP level 5. HP: 27/47 MP: 4/4
  1591 | D:3      | Slain by a gnoll

Skill      XL: |  1  2  3  4 |
---------------+-------------+-----
Axes           | 4 5 |  5.3
Fighting       | 4 |  4.6
Armour         | 3 |  3.4
Dodging        | 3 |  3.1

Action                   |  1- 3 |  4- 6 || total
-------------------------+-------+-------++-------
Melee: Hand axe          |    95 |    41 ||   136
       Headbutt          |    14 |     7 ||    21
Invok: Berserk           |       |     2 ||     2
  Eat: Chunk             |       |     3 ||     3
Armor: Animal skin       |    18 |     4 ||    22
Dodge: Dodged            |    66 |    23 ||    89
